 Dungeon Crawl Stone Soup version 0.27-a0-1434-g6f15984924 (webtiles) character file.

Game seed: 11752243070663572352

51 avis the Grasshopper (level 3, 0/16 HPs)
             Began as a Felid Warper on July 4, 2021.
             Slain by a worm (8 damage)
             ... on level 2 of the Dungeon.
             The game lasted 00:09:52 (1991 turns).

avis the Grasshopper (Felid Warper)                 Turns: 1991, Time: 00:09:52

Health: 0/16       AC:  1    Str:  7    XL:     3   Next: 58%
Magic:  7/7        EV: 18    Int: 14    God:
Gold:   27         SH:  0    Dex: 16    Spells: 4/6 levels left
                                        Lives:  0   Deaths: 0

rFire    . . .     SeeInvis +     - Unarmed
rCold    . . .     Faith    .   (shield unavailable)
rNeg     . . .     Spirit   .   (armour unavailable)
rPois    .         Reflect  .   (helmet unavailable)
rElec    .         Harm     .   (cloak unavailable)
rCorr    .         Rampage  .   (gloves unavailable)
Will     .....                  (boots unavailable)
Stlth    ++........             (no amulet)
HPRegen  0.05/turn              (no ring)
MPRegen  0.10/turn              (no ring)

@: quick
A: very small, claws 1, fangs 3, see invisible, speed 1, shaggy fur 1, stealthy
paws, no weapons or thrown items, no armour, multi-lived
a: no special abilities


You were on level 2 of the Dungeon.
You visited 1 branch of the dungeon, and saw 2 of its levels.

You collected 27 gold pieces.

Inventory:

Missiles
 g - 28 stones
 h - 28 arrows
Scrolls
 a - a scroll of blinking
 c - a scroll of identify {unknown}
 d - 2 scrolls of enchant armour {unknown}
 e - a scroll of magic mapping {unknown}
 f - a scroll of fear {unknown}
Potions
 b - a potion of haste {unknown}
 i - a potion of curing {unknown}


   Skills:
 - Level 2.0 Fighting
 + Level 3.8 Dodging
 + Level 2.0 Stealth
 * Level 3.0 Unarmed Combat
 - Level 2.0 Spellcasting
 + Level 4.9 Translocations


You had 4 spell levels left.
You knew the following spells:

 Your Spells              Type           Power      Damage    Failure   Level
a - Blink                 Tloc           N/A        N/A       4%          2

Your spell library contained the following spells:

 Spells                   Type           Power      Damage    Failure   Level
 Gell's Gravitas          Tloc           7%         N/A       10%         3
 Lesser Beckoning         Tloc           7%         N/A       10%         3
 Teleport Other           Tloc           15%        N/A       10%         3
 Slow                     Hex            1%         N/A       34%         2
 Confusing Touch          Hex            1%         N/A       56%         3
 Manifold Assault         Tloc           15%        N/A       65%         5
 Yara's Violent Unravell  Hex/Tmut       0%         3d3       100%        5


Dungeon Overview and Level Annotations

Branches:
Dungeon (2/15)

Altars:
Fedhas

Annotations:
D:2 Robin


Innate Abilities, Weirdness & Mutations

You have sharp claws.
You have razor-sharp teeth.
You have supernaturally acute eyesight. (SInv)
You cover ground quickly. (Speed+)
You are covered in fur. (AC +1)
Your paws help you pounce on unaware monsters.
You are incapable of wielding weapons or throwing items.
You cannot wear armour.
You gain extra lives every three experience levels.


Message History

You closely miss the hobgoblin. You bite the hobgoblin.
The hobgoblin is almost dead.
The hobgoblin barely misses you.
You completely miss the hobgoblin.
The hobgoblin is almost dead.
The hobgoblin closely misses you.
You completely miss the hobgoblin.
The hobgoblin is almost dead.
The hobgoblin misses you.
You scratch the hobgoblin.
You kill the hobgoblin!
Your Unarmed Combat skill increases to level 3!
Items here: )) ††.
Okay, then.
You start resting.
Robin of the Strong Arm comes into view.
They are wielding a +0 spear.
You start resting.
A goblin comes into view. It is wielding a +0 club.
You start resting.
HP restored.
Things that are here:
a +0 dagger; a +0 dagger; a hobgoblin skeleton A worm comes into view.
A rat comes into view.
You scratch the worm.
The worm is lightly wounded.
The worm bites you!
Ouch! That really hurt!
You scratch the worm.
The worm is lightly wounded.
You scratch the worm.
The worm is moderately wounded.
The worm misses you.
You scratch the worm.
The worm is heavily wounded.
You completely miss the worm.
The worm is heavily wounded.
The worm bites you!
Ouch! That really hurt!
You die...

...#.. ..............
...#.. ..............
...... #.............
...###
###..#.......... ..##
#..............
.#######.....>........
.....).#..........#
######.†........r.#
....(###........@.#
.###...)..÷......w.#
.#######.÷.........#
..######...........#
...................#
....................#
.......###..........#
##.###...............
#.#
####....####....######


You could see a worm and a rat.

Vanquished Creatures
  2 dart slugs
  2 endoplasms
  4 goblins (D:2)
  7 hobgoblins
  6 jackals
  3 quokkas (D:1)
  4 ball pythons
  4 bats
  3 frilled lizards
  3 kobolds (D:1)
  4 rats
42 creatures vanquished.

Notes
Turn   | Place    | Note
-------+----------+-------------------------------------------
     0 | D:1      | avis the Felid Warper began the quest for the Orb.
     0 | D:1      | Reached XP level 1. HP: 9/9 MP: 4/4
   501 | D:1      | Reached XP level 2. HP: 4/13 MP: 6/6
   502 | D:1      | Reached skill level 1 in Stealth
  1309 | D:1      | Learned a level 2 spell: Blink
  1437 | D:2      | Found a faded altar of an unknown god.
  1464 | D:2      | Reached XP level 3. HP: 14/16 MP: 7/7
  1504 | D:2      | Found a blossoming altar of Fedhas.
  1835 | D:2      | Noticed Robin
  1991 | D:2      | Slain by a worm

Illustrated notes

Levels and vault maps discovered:
D:1:      nicolae_arrival_washed_ashore, layout_rooms
D:2:      layout_rooms, basic_altar, hellmonk_ecumenical_altar_lost_god,
          uniq_robin

Skill      XL: |  1  2  3 |
---------------+----------+-----
Stealth        | 1 2 |  2.0
Unarmed Combat | 3 |  3.0
Fighting       | |  2.0
Dodging        | |  3.8
Spellcasting   | |  2.0
Translocations | |  4.9

Action                   || total
-------------------------++-------
Melee: Unarmed           ||   153
       Bite              ||    10
       Punch             ||     1
 Stab: Sleeping          ||     3
Armor: Skin              ||     8
Dodge: Dodged            ||   116

Table legend: (Time is in decaauts)
 A = Elapsed time spent in this place.
 B = Non-inter-level travel time spent in this place.
 C = Inter-level travel time spent in this place.
 D = Time resting spent in this place.
 E = Time spent auto-exploring this place.
 F = Levels seen in this place.
 G = Mean time per level.
                   A        B        C        D        E       F      G
               +--------+--------+--------+--------+--------+-----+--------+
         Total |   1839 |   1799 |     40 |   1047 |    356 |   2 |  919.5 |
       Dungeon |   1839 |   1799 |     40 |   1047 |    356 |   2 |  919.5 |
               +--------+--------+--------+--------+--------+-----+--------+

Top non-repeatable levels by time:
     D:1: 1274 daAuts
     D:2: 564 daAuts
